 Dungeon Crawl Stone Soup version 0.28.0-45-g0d030f2227 (webtiles) character file.

Game seed: 6709595002174264864

37 DearestLeader the Grave Robber (level 3, 0/25 HPs)
             Began as a Gnoll Necromancer on Apr 7, 2022.
             Slain by a necrophage (2 damage)
             ... on level 2 of the Dungeon.
             The game lasted 00:01:45 (1002 turns).

DearestLeader the Grave Robber (Gnoll Necromancer)  Turns: 1002, Time: 00:01:45

Health: 0/25       AC:  2    Str:  9    XL:     3   Next: 41%
Magic:  7/9        EV: 13    Int: 14    God:
Gold:   26         SH:  0    Dex: 12    Spells: 10/12 levels left

rFire   . . .      SeeInvis .   e - +0 whip
rCold   . . .      Faith    .   (no shield)
rNeg    . . .      Spirit   .   a - +0 robe
rPois   .          Reflect  .   (no helmet)
rElec   .          Harm     .   (no cloak)
rCorr   .          Rampage  .   (no gloves)
Will    .....                   (no boots)
Stlth   ++........              (no amulet)
HPRegen 0.08/turn               (no ring)
MPRegen 0.11/turn               (no ring)

@: very slightly contaminated
A: fangs 1, strong nose, distributed training
a: no special abilities


You were on level 2 of the Dungeon.
You visited 1 branch of the dungeon, and saw 2 of its levels.

You collected 26 gold pieces.

Inventory:

Hand Weapons
 c - a +0 short sword
 e - a +0 whip (weapon)
Missiles
 f - 18 sling bullets
Armour
 a - a +0 robe (worn)
Scrolls
 g - a scroll of amnesia
 i - a scroll of magic mapping {unknown}
Potions
 d - a potion of berserk rage {unknown}
 h - a potion of heal wounds {unknown}


   Skills:
 + Level 0.8 Fighting
 + Level 0.8 Short Blades
 + Level 0.8 Long Blades
 + Level 0.8 Axes
 + Level 0.8 Maces & Flails
 + Level 0.8 Polearms
 + Level 0.8 Staves
 + Level 0.8 Slings
 + Level 0.8 Bows
 + Level 0.8 Crossbows
 + Level 0.8 Throwing
 + Level 0.8 Armour
 + Level 4.5 Dodging
 + Level 4.1 Stealth
 + Level 0.8 Shields
 + Level 0.8 Unarmed Combat
 + Level 5.0 Spellcasting
 + Level 0.5 Conjurations
 + Level 0.5 Hexes
 + Level 0.5 Summonings
 + Level 7.1 Necromancy
 + Level 0.5 Translocations
 + Level 0.5 Transmutations
 + Level 0.5 Fire Magic
 + Level 0.5 Ice Magic
 + Level 0.5 Air Magic
 + Level 0.5 Earth Magic
 + Level 0.5 Poison Magic
 + Level 1.0 Invocations
 + Level 0.8 Evocations


You had 10 spell levels left.
You knew the following spells:

 Your Spells              Type           Power      Damage    Failure   Level
a - Pain                  Necr           92%        1d8       1%          1
b - Animate Skeleton      Necr           46%        N/A       1%          1

Your spell library contained the following spells:

 Spells                   Type           Power      Damage    Failure   Level
 Vampiric Draining        Necr           23%        2d7       2%          3
 Animate Dead             Necr           11%        N/A       10%         4
 Agony                    Necr           23%        N/A       26%         5


Dungeon Overview and Level Annotations

Branches:
Dungeon (2/15)

Altars:


Innate Abilities, Weirdness & Mutations

You have very sharp teeth.
Your uncanny sense of smell can sniff out nearby items.
Your experience applies equally to all skills.


Message History

A worm comes into view.
Your kobold skeleton hits the necrophage with a +0 whip.
There is a stone staircase leading down here.
You barely miss the worm. You hit the worm.
The worm is lightly wounded.
The worm bites you.
You barely miss the worm.
The worm is lightly wounded.
The necrophage hits you but does no damage.
The worm bites you!
Casting: Animate Skeleton (safe; 1% risk of failure)
Confirm with . or Enter, or press ? or * to list all spells.
Aiming: Pain (safe; 1% risk of failure)
Press: ? - help, Shift-Dir - straight line, f - worm
Aim: a worm (chance to affect: 87%)
You miscast Pain.
You are very lightly contaminated with residual magic.
Nothing appears to happen.
The necrophage hits you!
* * * LOW HITPOINT WARNING * * *
Your kobold skeleton closely misses the necrophage.
Casting: Pain (safe; 1% risk of failure)
Confirm with . or Enter, or press ? or * to list all spells.
Aiming: Pain (safe; 1% risk of failure)
Press: ? - help, Shift-Dir - straight line, f/p - worm
Aim: a worm (chance to affect: 87%)
The worm writhes in agony.
The necrophage hits you.
* * * LOW HITPOINT WARNING * * *
Your kobold skeleton barely misses the necrophage.
The worm barely misses you.
As you read the scroll labelled YQIFRO GESAKH, it crumbles to dust.
You feel a surge of unholy energy.
The worm convulses!
It was a scroll of torment.
The necrophage barely misses you.
Your kobold skeleton closely misses the necrophage.
As you read the scroll labelled GIERUE VAOMIO, it crumbles to dust.
It is a scroll of amnesia.
Really abort (and waste the scroll)?
Okay, then.
The necrophage hits you.
You die...

..... #...##.# .....
#..###.#
#...#####..###.#
#...##.........#
........##.#.###
......(....#.#
...........#.# #####
#...##.......#####......
....##.......>Zn@w<#
##.##########.####.#
##.## #.# # #...# .....
#...# .#.... ∆ #...#
........ #...#
##..#...... #...#
......##..#.
#...###.#..#


You could see a necrophage (ally target), a worm and a friendly kobold skeleton.

Vanquished Creatures
  An adder (D:2)
  A dart slug (D:2)
  5 ball pythons
  2 endoplasms (D:1)
  A goblin (D:1)
  4 hobgoblins (D:1)
  7 kobolds
  A quokka (D:1)
  A frilled lizard (D:2)
  A rat (D:2)
24 creatures vanquished.

Notes
Turn   | Place    | Note
-------+----------+-------------------------------------------
     0 | D:1      | DearestLeader the Gnoll Necromancer began the quest for the
                  | Orb.
     0 | D:1      | Reached XP level 1. HP: 13/13 MP: 6/6
     4 | D:1      | Learned a level 1 spell: Animate Skeleton
   208 | D:1      | Reached XP level 2. HP: 19/19 MP: 7/7
   685 | D:1      | You fall into a shaft and drop 1 floor!
   699 | D:2      | Reached skill level 5 in Spellcasting
   699 | D:2      | Reached XP level 3. HP: 13/25 MP: 3/9
   866 | D:2      | Reached skill level 1 in Invocations
   962 | D:2      | Noticed a necrophage
  1000 | D:2      | HP: 1/25 [necrophage (5)]
  1002 | D:2      | Slain by a necrophage

Illustrated notes

Levels and vault maps discovered:
D:1:      dpeg_arrival_simpleton_a, layout_basic
D:2:      layout_loops_cross, hangedman_decor_push,
          chequers_hall_statues_corner_a

Skill      XL: |  1  2  3 |
---------------+----------+-----
Spellcasting   | 5 |  5.0
Invocations    | 1 |  1.0
Fighting       | |  0.8
Short Blades   | |  0.8
Long Blades    | |  0.8
Axes           | |  0.8
Maces & Flails | |  0.8
Polearms       | |  0.8
Staves         | |  0.8
Slings         | |  0.8
Bows           | |  0.8
Crossbows      | |  0.8
Throwing       | |  0.8
Armour         | |  0.8
Dodging        | |  4.5
Stealth        | |  4.1
Shields        | |  0.8
Unarmed Combat | |  0.8
Conjurations   | |  0.5
Hexes          | |  0.5
Summonings     | |  0.5
Necromancy     | |  7.1
Translocations | |  0.5
Transmutations | |  0.5
Fire Magic     | |  0.5
Ice Magic      | |  0.5
Air Magic      | |  0.5
Earth Magic    | |  0.5
Poison Magic   | |  0.5
Evocations     | |  0.8

Action                   || total
-------------------------++-------
Melee: Short sword       ||     3
       Whip              ||    18
       Bite              ||     1
 Cast: Pain              ||    30
       Animate Skeleton  ||     1
  Use: Scroll            ||     2
 Stab: Sleeping          ||     1
Armor: Robe              ||     2
Dodge: Dodged            ||    19
